 Dungeon Crawl Stone Soup version 0.20-a0-2-g2b0e13a (webtiles) character file.

84636 shitimlost the Archer (level 15, -4/82 HPs)
             Began as a Vine Stalker Assassin on Oct 28, 2016.
             Was a High Priest of Dithmenos.
             Slain by a naga mage
             ... wielding a +0 spear
              (9 damage)
             ... on level 1 of the Snake Pit on Oct 29, 2016.
             The game lasted 02:15:05 (25372 turns).

shitimlost the Archer (Vine Stalker Assassin)      Turns: 25372, Time: 02:15:06

Health: -4/82      AC: 20    Str: 22    XL:     15   Next: 81%
Magic:  0/21       EV: 15    Int: 24    God:    Dithmenos [*****.]
Gold:   1471       SH:  5    Dex: 21    Spells: 3 memorised, 10 levels left

rFire  + . .     SeeInvis +     O - +4 rod of shadows (9/14)
rCold  . . .     Gourm    .     R - +5 scale mail of a volcano {rPois rC+ Int+6}
rNeg   . . .     Faith    .     (no shield)
rPois  +         Spirit   +     Y - +2 helmet "Omaerch" {rElec rC- Int+4 Dex+5}
rElec  +         Reflect  +     d - +0 cloak
rCorr  .         Harm     .     E - +2 pair of gloves
MR     ++...                    (no boots)
Stlth  ++++++++..               c - +5 amulet of reflection
                                v - ring of Incredulity {*Drain rPois rF+ Str+2 Int+3 SInv}
                                T - ring of stealth

@: lethally poisoned (-4 -> -4), hasted, wreathed by umbra, studying Armour,
very quick
A: fangs 3, magic resistance 1, regeneration 2, magic shield, antimagic bite, no
device heal 3, rot immunity
a: Shadow Step, Shadow Form, Renounce Religion


You were on level 1 of the Snake Pit.
You worshipped Dithmenos.
Dithmenos was extremely pleased with you.
You were very hungry.

You visited 5 branches of the dungeon, and saw 25 of its levels.
You also visited: Labyrinth and Trove.

You collected 2696 gold pieces.
You spent 1225 gold pieces at shops.

Inventory:

Hand Weapons
 A - the +4 quick blade of Res Nullius {holy, Str+2}
   (You acquired it on level 5 of the Dungeon)

   It has been blessed by the Shining One to cause great damage to the undead
   and demons.
   It affects your strength (+2).
 M - a +0 shortbow of venom
Missiles
 e - 82 poisoned needles
 j - 10 curare-tipped needles
 N - 343 arrows
 Q - 3 throwing nets (quivered)
Armour
 d - a +0 cloak (worn)
 E - a +2 pair of gloves (worn)
 R - the +5 scale mail of a volcano (worn) {rPois rC+ Int+6}
   (You found it in a labyrinth)

   It affects your intelligence (+6).
   It protects you from cold.
   It protects you from poison.
 Y - the +2 helmet "Omaerch" (worn) {rElec rC- Int+4 Dex+5}
   (You found it in a labyrinth)

   It affects your intelligence (+4).
   It affects your dexterity (+5).
   It makes you vulnerable to cold.
   It insulates you from electricity.
Rods
 O - a +4 rod of shadows (9/14) (in hand)
   (You found it in a labyrinth)
Jewellery
 c - a +5 amulet of reflection (around neck)
 k - an uncursed ring of protection from magic {unknown}
 t - an uncursed ring of protection from fire
 v - the ring of Incredulity (right hand) {*Drain rPois rF+ Str+2 Int+3 SInv}
   (You took it off a red devil on level 6 of the Lair of Beasts)

   [ring of intelligence]

   It affects your strength (+2).
   It affects your intelligence (+3).
   It protects you from fire.
   It protects you from poison.
   It lets you see invisible.
   It causes draining when unequipped.
 J - an uncursed ring of flight
 P - the ring "Oxyups" {+Blink rN++ MP+9 Str-5 Int+4}
   (You found it on level 6 of the Lair of Beasts)

   [ring of magical power]

   It affects your strength (-5).
   It affects your intelligence (+4).
   It greatly protects you from negative energy.
   It affects your magic capacity (+9).
   It lets you blink.
 T - a ring of stealth (left hand)
 Z - an uncursed ring of resist corrosion
Wands
 b - a wand of digging (9/24)
 l - a wand of iceblast (10/15)
 n - a wand of lightning (7/15)
 y - a wand of lightning (9/15)
 V - a wand of iceblast (3/15)
 W - a wand of disintegration (7/24)
Scrolls
 m - 3 scrolls of enchant weapon
 q - 5 scrolls of recharging
 u - 2 scrolls of magic mapping
 x - 4 scrolls of teleportation
 C - 5 scrolls of remove curse
Potions
 a - 2 potions of flight
 f - 9 potions of curing
 h - a potion of agility
 o - a potion of haste
 p - 3 potions of might
 w - a potion of cancellation
 B - 4 potions of brilliance
 D - 5 potions of resistance
Books
 S - a manual of Armour
Miscellaneous
 i - a box of beasts
Comestibles
 g - 9 bread rations
 s - 11 beef jerkies


   Skills:
 - Level 11.1 Fighting
 - Level 8.4 Short Blades
 - Level 13.9 Bows
 - Level 2.5 Throwing
 - Level 6.9 Armour
 - Level 6.5 Dodging
 - Level 11.1 Stealth
   Level 2.0 Shields
 * Level 1.3 Unarmed Combat
 - Level 2.1 Spellcasting
 * Level 8.0 Transmutations
 - Level 7.8 Invocations
 - Level 2.7 Evocations


You had 10 spell levels left.
You knew the following spells:

 Your Spells              Type           Power        Failure   Level  Hunger
a - Beastly Appendage     Tmut           #####.       1%          1    None
b - Sticks to Snakes      Tmut           #####...     1%          2    ##.....
c - Blade Hands           Tmut           #####.....   30%         5    ######.


Dungeon Overview and Level Annotations

Branches:
Dungeon (15/15)            Temple (1/1) D:4            Lair (6/6) D:9
 Shoals (0/4) Lair:4        Snake (1/4) Lair:2        Slime (0/5) Lair:5
    Orc (2/2) D:11            Elf (0/3) Orc:2        Vaults (0/5) D:13
 Depths (0/5) D:15

Altars:
Ashenzari
Cheibriados
Dithmenos
Elyvilon
Fedhas
Gozag
Hepliaklqana
Kikubaaqudgha
Makhleb
Nemelex Xobeh
Okawaru
Qazlal
Ru
Sif Muna
Trog
Uskayaw
Vehumet
Xom
Yredelemnul
Zin
The Shining One
Jiyva

Shops:
D:4 ?   D:5 (   D:6 (   D:7 !   D:9 :   D:11 :*!:   D:13 !   Orc:2 ?*!?
Snake:1 }}=%

Portals:
Hell: Lair:6


Innate Abilities, Weirdness & Mutations

You have razor-sharp teeth.
You heal very quickly.
When hurt, damage is shared between your health and your magic reserves.
Your bite disrupts and absorbs the magic of your enemies.
Potions and wands cannot restore your health.
You are immune to rotting.
You are resistant to hostile enchantments. (MR+)


Message History

You assume a fearsome visage.
The naga mage looks frightened!
The naga sharpshooter looks frightened!
The naga sharpshooter easily resists.
The naga mage resists with some effort.
You feel sick.
The naga sharpshooter shoots an arrow.
The arrow hits you!
* * * LOW HITPOINT WARNING * * *
x2 The naga sharpshooter gives up.
The naga mage points at you and mumbles some strange words.
Your bullfrog looks slightly unstable.
Okay, then.
Evoke which item? (* to show all) (? for menu, Esc to quit)
Okay, then.
Unknown command.
You feel sick.
Cornered, the naga mage turns to fight!
The naga mage gestures at you while chanting.
Your bullfrog seems more stable.
Your bullfrog hits the naga mage!
You feel yourself speed up.
You feel sick.
Your bullfrog barely misses the naga mage.
The naga mage hits you from afar with a spear!
You die...

........##.. #. ....(
.......# #.# #..# ....(
N..( #. ###.#####(.)
...(. .
#.......(..##..#(# ..
#..........#...#(# ..N
#.......(.(... .# ....
#.......†..#####N#.∩...
#.......(..#(.@........
##>.........NF..(.......
#
##...........######!.....
# #...)........# ..... #
#...........(# %... #
#..........### ♣♣♣♣♣ ...
## #..........# ♣...♣♣ ..
#N ..)).......# ♣..∩.♣♣
........(
)#........#####♣.....♣
......(#


You could see 2 naga magi and a friendly bullfrog.

Vanquished Creatures
  The ghost of maximusg the Severer, a journeyman MiBe of Trog (Lair:6)
  A dire elephant (Lair:6)
  Snorg (D:13)
  Harold (Lair:2)
  A vault guard (D:11)
  A naga warrior (Snake:1)
  5 hydras
  3 anacondas (Snake:1)
  A centaur warrior (D:15)
  2 death knights
  3 ogre magi
  The ghost of lacuna the Nimble, a journeyman VSFi of Uskayaw (D:12)
  2 tengu warriors
  Urug (Orc:1)
  Nergalle (Orc:1)
  A sun demon (Lair:6)
  4 unseen horrors
  2 deep trolls (Orc:2)
  2 wizards
  2 naga ritualists (Snake:1)
  8 hill giants
  A lindwurm (D:13)
  A necromancer (D:15)
  A phantasmal warrior (D:15)
  2 mana vipers (Snake:1)
  An orc knight (D:15)
  An oklob plant (Orc:2)
  3 deep elf magi
  2 wolf spider zombies
  5 ugly things
  2 cyclopes (Orc:2)
  2 manticores
  An orc sorcerer (D:15)
  4 centaur zombies
  2 sirens (Lair:4)
  An ice statue (D:11)
  A smoke demon (Lair:6)
  17 black mambas
  A torpor snail (Lair:4)
  3 gargoyles
  6 spiny frogs
  A yaktaur (D:15)
  6 rime drakes (Lair:6)
  A freezing wraith (D:13)
  5 kobold demonologists
  A tengu conjurer (D:13)
  10 komodo dragons
  4 ice devils (Lair:6)
  A red devil (Lair:6)
  A hellwing (Lair:6)
  9 trolls
  2 merfolk (Lair:4)
  A polar bear (Lair:4)
  2 hornets
  8 two-headed ogres
  16 hippogriffs
  6 slime creatures (D:12)
  5 blink frogs (Lair:6)
  A shadow (D:12)
  Sigmund (D:4)
  5 wraiths
  26 yaks
  A basilisk (Lair:4)
  3 hungry ghosts
  2 mottled dragons
  2 wargs
  Menkaure (D:7)
  2 vampire mosquitoes (D:11)
  Edmund (D:6)
  4 hell hounds (Lair:6)
  7 porcupines
  6 nagas
  10 water moccasins
  3 black bears
  3 sky beasts
  2 eyes of draining
  3 ice beasts
  2 necrophages
  3 phantoms
  18 orc warriors
  29 ogres
  7 centaurs
  12 crocodiles
  3 big kobolds
  16 bullfrogs
  A wyvern skeleton (D:6)
  5 scorpions
  A troll zombie (D:11)
  9 killer bees
  5 wights (D:7)
  6 crimson imps
  A bullfrog zombie (D:6)
  5 bullfrog skeletons
  8 hounds
  A jelly (D:10)
  12 orc wizards
  12 orc priests
  9 centaur skeletons
  5 iguanas
  10 worker ants
  7 ogre zombies (D:11)
  A hound zombie (D:7)
  A hound skeleton (D:11)
  A howler monkey zombie (D:7)
  A worker ant zombie (D:7)
  13 gnolls
  15 adders
  7 shadow imps
  2 adder skeletons (D:6)
  2 worms
  A dart slug (D:4)
  6 leopard geckos
  84 orcs
  14 bats
  3 giant cockroaches
  3 goblins
  8 hobgoblins (D:1)
  6 jackals
  23 kobolds
  3 quokkas
  2 ball pythons
  6 frilled lizards
  5 goblin skeletons (D:11)
  A goblin zombie (D:11)
  3 hobgoblin skeletons (D:11)
  2 hobgoblin zombies (D:11)
  A leopard gecko skeleton (D:5)
  2 orc skeletons (D:11)
  11 orc zombies (D:11)
  A quokka zombie (D:5)
  17 rats
  A plant (Lair:4)
696 creatures vanquished.

Vanquished Creatures (others)
  2 fungi (Lair:6)
  2 plants (Lair:6)
4 creatures vanquished.

Grand Total: 700 creatures vanquished

Notes
Turn   | Place    | Note
-------+----------+-------------------------------------------
     0 | D:1      | shitimlost the Vine Stalker Assassin began the quest for the Orb.
     0 | D:1      | Reached XP level 1. HP: 11/11 MP: 2/2
   140 | D:1      | Reached skill level 5 in Stealth
   186 | D:1      | Reached XP level 2. HP: 15/15 MP: 3/3
   464 | D:1      | Reached XP level 3. HP: 18/18 MP: 4/4
  1417 | D:2      | Reached skill level 1 in Dodging
  1945 | D:3      | Gained mutation: Your natural rate of healing is unusually fast. [Vine Stalker growth]
  1945 | D:3      | Reached XP level 4. HP: 23/23 MP: 5/5
  1957 | D:3      | Reached XP level 5. HP: 25/26 MP: 6/6
  2607 | D:4      | Noticed Sigmund
  2631 | D:4      | Killed Sigmund
  2631 | D:4      | Reached XP level 6. HP: 20/32 MP: 5/7
  2694 | D:4      | Got a twisted ring mail
  2734 | D:4      | Found a staircase to the Ecumenical Temple.
  2740 | Temple   | Entered the Ecumenical Temple
  3089 | Temple   | Became a worshipper of Dithmenos the Shadowed
  3369 | D:4      | Found Doisuirch's Magic Scroll Boutique.
  3392 | D:4      | Bought a scroll of remove curse for 36 gold pieces
  3392 | D:4      | Bought a scroll of identify for 24 gold pieces
  3392 | D:4      | Bought a scroll of identify for 24 gold pieces
  3404 | D:4      | Identified the +5 ring mail of Knowledge {rElec rF- rN+ MR+} (You found it on level 4 of the Dungeon)
  3439 | D:4      | Reached XP level 7. HP: 31/35 MP: 5/8
  3566 | D:5      | Entered Level 5 of the Dungeon
  4025 | D:5      | Identified a scroll of acquirement
  4026 | D:5      | Got a jewelled quick blade
  4027 | D:5      | Identified the +4 quick blade of Res Nullius {holy, Str+2} (You acquired it on level 5 of the Dungeon)
  4102 | D:5      | Reached * piety under Dithmenos
  4151 | D:5      | Gained mutation: You have razor-sharp teeth. [Vine Stalker growth]
  4151 | D:5      | Reached XP level 8. HP: 40/40 MP: 9/9
  4158 | D:5      | Reached skill level 1 in Armour
  4196 | D:5      | Got a coiled golden amulet
  4435 | D:5      | Found Lius's Weapon Boutique.
  4733 | D:6      | Found a white marble altar of Elyvilon.
  4806 | D:6      | Noticed Edmund
  4843 | D:6      | Killed Edmund
  4843 | D:6      | Reached skill level 5 in Short Blades
  5067 | D:6      | Found Binu's Antique Weapon Shop.
  5367 | D:7      | Reached ** piety under Dithmenos
  5377 | D:7      | Reached XP level 9. HP: 41/45 MP: 10/10
  5449 | D:7      | Reached skill level 1 in Bows
  5520 | D:7      | Found Fueg's Distillery.
  5533 | D:7      | Found a glowing golden altar of the Shining One.
  5723 | D:7      | Noticed Menkaure
  5728 | D:7      | Identified the amulet of Secrets {*Drain rPois rC- Regen+ Stlth+} (You found it on level 5 of the Dungeon)
  5748 | D:7      | Killed Menkaure
  6203 | D:8      | Reached skill level 5 in Armour
  6451 | D:8      | Reached *** piety under Dithmenos
  6510 | D:8      | Reached XP level 10. HP: 51/51 MP: 11/11
  6714 | D:8      | Reached skill level 5 in Fighting
  6814 | D:8      | Reached skill level 10 in Stealth
  7412 | D:9      | Reached **** piety under Dithmenos
  7666 | D:9      | Found Ragiuhue's Book Shop.
  7725 | D:9      | Reached skill level 1 in Invocations
  7759 | D:9      | Reached skill level 2 in Bows
  7809 | D:9      | Found a staircase to the Lair.
  8049 | Lair:1   | Entered Level 1 of the Lair of Beasts
  8069 | Lair:1   | Learned a level 1 spell: Beastly Appendage
  8072 | Lair:1   | Learned a level 2 spell: Sticks to Snakes
  8135 | Lair:1   | Reached skill level 1 in Transmutations
  8143 | Lair:1   | Reached skill level 3 in Bows
  8143 | Lair:1   | Reached XP level 11. HP: 53/56 MP: 13/13
  8917 | Lair:1   | Learned a level 5 spell: Blade Hands
  9108 | Lair:2   | Noticed an eight-headed hydra
  9147 | Lair:2   | Killed an eight-headed hydra
  9147 | Lair:2   | Reached skill level 1 in Shields
  9182 | Lair:2   | Reached skill level 4 in Bows
  9232 | Lair:2   | Reached ***** piety under Dithmenos
  9334 | Lair:2   | Noticed Harold
  9361 | Lair:2   | Killed Harold
  9458 | Lair:2   | Found a staircase to the Snake Pit.
  9545 | Lair:2   | Found a labyrinth entrance.
  9561 | Lab      | Entered a labyrinth
 10342 | Lab      | Noticed a minotaur
 11005 | Lab      | Identified Daoptam's Guide on Snow and Moulding
 11006 | Lab      | Got a serpentine steel ring
 11007 | Lab      | Got an ichor-stained helmet
 11007 | Lab      | Got a smoking buckler
 11012 | Lab      | Got a fine scale mail
 11029 | Lair:2   | Identified the +2 helmet "Omaerch" {rElec rC- Int+4 Dex+5} (You found it in a labyrinth)
 11030 | Lair:2   | Identified the ring "Pudd" {rPois Int+2} (You found it in a labyrinth)
 11041 | Lair:2   | Identified the +5 scale mail of a volcano {rPois rC+ Int+6} (You found it in a labyrinth)
 11051 | Lair:2   | Identified the +3 buckler of the Gastropod {+Blink rElec rN+++ MP-9} (You found it in a labyrinth)
 11214 | Lair:2   | Identified a +4 rod of shadows (14/14) (You found it in a labyrinth)
 11606 | Lair:2   | Reached skill level 5 in Invocations
 11992 | Lair:3   | Noticed a five-headed hydra
 12007 | Lair:3   | Killed a five-headed hydra
 12007 | Lair:3   | Reached skill level 5 in Bows
 12007 | Lair:3   | Gained mutation: You heal very quickly. [Vine Stalker growth]
 12007 | Lair:3   | Reached XP level 12. HP: 50/64 MP: 16/16
 12967 | Lair:4   | Reached skill level 1 in Evocations
 13247 | Lair:4   | Reached skill level 5 in Transmutations
 13416 | Lair:4   | Found a staircase to the Shoals.
 14051 | Lair:5   | Found a viscous altar of Jiyva.
 14052 | Lair:5   | Found a staircase to the Slime Pits.
 14422 | Lair:6   | Entered Level 6 of the Lair of Beasts
 14447 | Lair:6   | Reached skill level 6 in Bows
 14472 | Lair:6   | Reached skill level 5 in Dodging
 14631 | Lair:6   | Reached XP level 13. HP: 49/70 MP: 18/18
 14651 | Lair:6   | Noticed maximusg's ghost (journeyman MiBe)
 14706 | Lair:6   | Killed maximusg's ghost
 14759 | Lair:6   | Got a clouded bone ring
 14761 | Lair:6   | Identified the ring "Oxyups" {+Blink rN++ MP+9 Str-5 Int+4} (You found it on level 6 of the Lair of Beasts)
 15537 | Lair:6   | Noticed a dire elephant
 15564 | Lair:6   | Killed a dire elephant
 15608 | Lair:6   | Reached skill level 10 in Fighting
 15651 | Lair:6   | Found a burning altar of Makhleb.
 15859 | Lair:6   | Reached skill level 7 in Bows
 15906 | Lair:6   | Got a scorched pewter ring
 15929 | Lair:6   | Found a gateway to Hell.
 16021 | Lair:6   | Identified the ring of Incredulity {*Drain rPois rF+ Str+2 Int+3 SInv} (You took it off a red devil on level 6 of the Lair of Beasts)
 16224 | D:10     | Entered Level 10 of the Dungeon
 16385 | D:10     | Found a bloodstained altar of Trog.
 17048 | D:11     | Found a glowing silver altar of Zin.
 17232 | D:11     | Found Tasoanai's Distillery.
 17236 | D:11     | Bought a potion of magic for 96 gold pieces
 17256 | D:11     | Noticed a vault guard
 17303 | D:11     | Killed a vault guard
 17519 | D:11     | Found Ygisiuteuz's Assorted Antiques.
 17554 | D:11     | Bought a pair of embroidered boots for 241 gold pieces
 17554 | D:11     | Bought a tubular ruby ring for 115 gold pieces
 17624 | D:11     | Reached skill level 8 in Bows
 17624 | D:11     | Reached XP level 14. HP: 77/77 MP: 20/20
 17709 | D:11     | Found Kieloscha's Book Boutique.
 17772 | D:11     | Found a staircase to the Orcish Mines.
 17791 | D:11     | Reached ****** piety under Dithmenos
 17874 | D:11     | Found a portal to a secret trove of treasure.
 17899 | Trove    | Entered a treasure trove
 17940 | Trove    | Got a translucent graven amulet
 18254 | D:4      | Bought a scroll of identify for 24 gold pieces
 18255 | D:4      | Gained mutation: You are resistant to hostile enchantments. (MR+) [potion of beneficial mutation]
 18618 | D:11     | Found Zuqut's Book Shoppe.
 18676 | D:11     | Found a shimmering altar of Xom.
 18909 | D:12     | Noticed lacuna's ghost (journeyman VSFi)
 18923 | D:12     | Killed lacuna's ghost
 19142 | D:12     | Got a brightly glowing robe
 19206 | D:12     | Reached skill level 9 in Bows
 19268 | D:12     | Reached skill level 1 in Spellcasting
 19737 | D:13     | Noticed Snorg
 19763 | D:13     | Killed Snorg
 19803 | D:13     | Found Bitij's Distillery.
 19824 | D:13     | Bought a potion of haste for 140 gold pieces
 19824 | D:13     | Bought 2 potions of might for 112 gold pieces
 19824 | D:13     | Bought a potion of haste for 140 gold pieces
 20397 | D:13     | Found a gate to the Vaults.
 20418 | D:13     | Identified the cursed +1 robe "Oddaaxu" {rN+} (You found it on level 12 of the Dungeon)
 20800 | D:14     | Found a shadowy altar of Dithmenos.
 21423 | D:15     | Entered Level 15 of the Dungeon
 21438 | D:15     | Reached skill level 10 in Bows
 21552 | D:15     | HP: 2/79 [yaktaur/bolt (10)]
 21907 | D:15     | Found a staircase to the Depths.
 21937 | D:15     | Reached skill level 11 in Bows
 22036 | D:15     | Reached XP level 15. HP: 82/82 MP: 21/21
 22568 | D:15     | Reached skill level 12 in Bows
 22759 | Lair:1   | Identified the amulet "Pirhis" {Faith +Fly} (You found it in a treasure trove)
 23066 | Orc:1    | Entered Level 1 of the Orcish Mines
 23066 | Orc:1    | Noticed Urug
 23080 | Orc:1    | Killed Urug
 23316 | Orc:2    | Entered Level 2 of the Orcish Mines
 23333 | Orc:2    | Found a staircase to the Elven Halls.
 23846 | Orc:2    | Found Fap Yniucsi's Magic Scroll Shop.
 23883 | Orc:2    | Reached skill level 13 in Bows
 23900 | Orc:2    | Found Gezem's Assorted Antiques.
 23908 | Orc:2    | Found Bygyonox's Distillery.
 23909 | Orc:2    | Bought a scroll of blinking for 120 gold pieces
 23914 | Orc:2    | Found Lupnar's Magic Scroll Boutique.
 23931 | Orc:2    | Bought a scroll of fear for 56 gold pieces
 23945 | Orc:2    | Bought a bubbling amethyst potion for 15 gold pieces
 23945 | Orc:2    | Bought a scroll of identify for 34 gold pieces
 24286 | Orc:2    | Bought a scroll of teleportation for 48 gold pieces
 24330 | Orc:1    | Noticed Nergalle
 24367 | Orc:1    | Killed Nergalle
 24746 | Snake:1  | Entered Level 1 of the Snake Pit
 24839 | Snake:1  | HP: 1/82 [naga sharpshooter/bolt (8)]
 24848 | Snake:1  | HP: 4/82 [poisoned by a black mamba]
 25132 | Snake:1  | Found Seshufau's Gadget Boutique.
 25133 | Snake:1  | Found Vishavets's Jewellery Shoppe.
 25149 | Snake:1  | Found Bink's Gadget Boutique.
 25351 | Snake:1  | Reached skill level 1 in Unarmed Combat
 25356 | Snake:1  | Found Ethinui's Food Shoppe.
 25372 | Snake:1  | Slain by a naga mage

Vault maps used:
D:1:      minmay_arrival_pointy
D:2:      first_bread
D:4:      serial_shops, shop, uniq_sigmund
D:5:      kennysheep_windowed_halls, serial_shops, shop
D:6:      basic_altar, serial_shops, nicolae_shop_behind_doors, uniq_edmund
D:7:      serial_shops, nicolae_shop_waterfront, basic_altar, minivault_22,
          uniq_menkaure
D:8:      grunt_ogre_cave
D:9:      grunt_lair_entry_orc_guard_hut, serial_shops, nicolae_shop_crystal,
          grunt_ministairs_5, abandoned_shop, hangedman_corner_corridor
D:10:     minivault_26, trog_book
D:11:     minmay_diamond_stairs, zombieorc2_lemuel, enter_trove_5, serial_shops,
          shop, nicolae_shop_statue_plus, kennysheep_little_box,
          kennysheep_mini_moat, hangedman_feature_mirror, serial_bayou_pond_d,
          minmay_misc_feat_iff, minivault_16
D:13:     david_vaults_4, serial_shops, shop_statue, nicolae_sextant,
          hangedman_decor_riveting, uniq_snorg
D:14:     serial_park_paths, basic_altar
D:15:     grunt_enter_depths_magical_seal, serial_park_tiny_1
Temple:   minmay_crystal_snake_temple
Lair:1:   lemuel_fruit_fields, serial_bayou_shore_a
Lair:2:   guppyfry_snake_entry_garden, lab_entry_generic, grunt_megastairs_4,
          uniq_harold
Lair:3:   serial_bayou_lagoon_b, grunt_megastairs_3
Lair:4:   elwin_shoals_entry_stream, hangedman_lair_unloving_vines
Lair:5:   dpeg_slime_entry_enclosed_altar
Lair:6:   evil_forest, minmay_lair_drake_nest
Snake:1:  serial_shops, shop, serial_bayou_pond_d, minmay_shop_grove
Orc:1:    uniq_urug, uniq_nergalle
Orc:2:    st_orc_open, mines3_lemuel
Lab:      nicolae_lab_grate_2, nicolae_lab_dead_end
Trove:    trove_garden

Skill      XL: |  1  2  3  4  5  6  7  8  9 10 11 12 13 14 15 |
---------------+----------------------------------------------+-----
Stealth        | 5 6 7 8 9 11 | 11.1
Throwing       | 2 |  2.5
Short Blades   | 2 3 4 5 7 8 |  8.4
Fighting       | 2 3 4 6 7 9 10 11 | 11.1
Dodging        | 1 2 3 5 6 |  6.5
Armour         | 3 5 6 |  6.9
Bows           | 1 3 5 6 8 11 13 | 13.9
Invocations    | 2 5 6 7 |  7.8
Transmutations | 1 4 5 7 8 |  8.0
Shields        | 2 |  2.0
Evocations     | 1 2 |  2.7
Spellcasting   | 2 |  2.1
Unarmed Combat | 1 |  1.3

Action                   |  1- 3 |  4- 6 |  7- 9 | 10-12 | 13-15 || total
-------------------------+-------+-------+-------+-------+-------++-------
Melee: Dagger            |    28 |       |    32 |       |       ||    60
       Bite              |    15 |    10 |   128 |   459 |   860 ||  1472
       Short sword       |    49 |    58 |     7 |       |       ||   114
       Quick blade       |       |       |   327 |   933 |  1606 ||  2866
       Kick              |       |       |       |       |    27 ||    27
 Fire: Blowgun           |       |     3 |       |     1 |       ||     4
       Shortbow          |       |       |     6 |     9 |   321 ||   336
Throw: Throwing net      |       |       |       |       |     6 ||     6
 Cast: Beastly Appendage |       |       |       |       |     4 ||     4
       Sticks to Snakes  |       |       |       |       |     5 ||     5
       Blade Hands       |       |       |       |       |     1 ||     1
Invok: Shadow Form       |       |       |       |     1 |       ||     1
       Shadow Step       |       |       |       |       |     1 ||     1
Evoke: Wand              |       |       |     2 |     3 |     5 ||    10
       Rod               |       |       |       |     2 |     7 ||     9
       Box of beasts     |       |       |       |       |     2 ||     2
  Use: Scroll            |     4 |     9 |    10 |    11 |    23 ||    57
       Potion            |       |     1 |       |     2 |     7 ||    10
 Stab: Sleeping          |    14 |     5 |    14 |    35 |    45 ||   113
       Paralysed         |       |       |     1 |       |       ||     1
       Invisible         |       |       |       |     2 |       ||     2
       Distracted        |       |       |       |       |    14 ||    14
       Held in net/web   |       |       |       |       |     4 ||     4
  Eat: Chunk             |     1 |     2 |       |     6 |     2 ||    11
       Meat ration       |     1 |       |     1 |     3 |     3 ||     8
       Royal jelly       |       |       |     1 |     2 |       ||     3
       Fruit             |       |       |     3 |       |     1 ||     4
       Pizza             |       |       |       |       |     3 ||     3
       Beef jerky        |       |       |       |       |     2 ||     2
       Bread ration      |       |       |       |       |     3 ||     3
Armor: Robe              |    13 |     9 |       |       |       ||    22
       Ring mail         |       |     2 |    81 |   100 |       ||   183
       Scale mail        |       |       |       |    85 |   329 ||   414
Dodge: Dodged            |    35 |    33 |    99 |   252 |   645 ||  1064
Block: Other             |       |     1 |     9 |       |    41 ||    51
       Reflection        |       |       |     1 |       |     3 ||     4
       Buckler           |       |       |       |    13 |       ||    13
